 Dungeon Crawl Stone Soup version 0.30-a0-134-gb40fab5 (webtiles) character file.

Game seed: 3248279401723673641

13798 PublicAnimeNo1 the Arsonist (level 11, -4/86 HPs)
             Began as a Demonspawn Cinder Acolyte on Sept 20, 2022.
             Was an Initiate of Ignis.
             Engulfed by an ice statue's freezing vapour (11 damage)
             ... in an ice cave.
             The game lasted 00:19:17 (10990 turns).

PublicAnimeNo1 the Arsonist (DsCA)                 Turns: 10990, Time: 00:19:18

Health: -4/86      AC: 17    Str: 15    XL:     11   Next: 80%
Magic:  7/18       EV: 12    Int: 19    God:    Ignis [......]
Gold:   809        SH: 12    Dex:  9    Spells: 18/20 levels left

rFire   + + .      SeeInvis +    c - staff of fire
rCold   . . .      Faith    .    r - +3 warlock's mirror {reflect}
rNeg    . . .      Spirit   .    b - +0 robe
rPois   .          Reflect  +    h - +1 helmet
rElec   .          Harm     .    F - +2 cloak {Stlth+}
rCorr   .          Rampage  .    (no gloves)
Will    .....                    q - +2 pair of boots of a ziggurat {Slay+4 SInv}
Stlth   ++........               p - amulet of Jeefupecs {Reflect SH+5 SInv}
HPRegen 0.24/turn                v - +4 ring of protection
MPRegen 0.16/turn                (no ring)

@: no status effects
A: hooves 2, yellow scales 2, spiny 1, demonic magic 2
a: Renounce Religion, Rising Flame


You were in an ice cave.
You worshipped Ignis.
Ignis was noncommittal.
You visited 1 branch of the dungeon, and saw 13 of its levels.
You also visited: Ice Cave.

You collected 809 gold pieces.

Inventory:

Hand Weapons
 a - a -1 mace of flaming
 k - a +0 dagger of draining
 y - a +4 trident of distortion
 D - a +6 scimitar
 I - a -2 demon whip of venom
Missiles
 w - a throwing net
Armour
 b - a +0 robe (worn)
 h - a +1 helmet (worn)
 q - the +2 pair of boots of a ziggurat (worn) {Slay+4 SInv}
   (You acquired it on level 2 of the Dungeon)

   Slay:      It affects your accuracy & damage with ranged weapons and melee
   (+4).
   SInv:      It lets you see invisible.
 r - the +3 warlock's mirror (worn) {reflect}
   (You acquired it on level 2 of the Dungeon)

   It can block and reflect piercing ranged attacks and magical attacks against
   the wielder's willpower.
 F - a +2 cloak of stealth (worn)
Magical Staves
 c - a staff of fire (weapon)
Jewellery
 n - an amulet of guardian spirit
 p - the amulet of Jeefupecs (around neck) {Reflect SH+5 SInv}
   (You acquired it on level 2 of the Dungeon)

   [amulet of reflection]

   It reflects blocked missile attacks.
   SInv:      It lets you see invisible.
   SH:        It affects your SH (+5).
 s - a ring of resist corrosion
 v - a +4 ring of protection (left hand)
Wands
 m - a wand of paralysis (21)
 x - a wand of digging (6)
 E - a wand of flame (12)
 G - a wand of iceblast (12)
 K - a wand of mindburst (4)
Scrolls
 e - 2 scrolls of poison
 f - a scroll of enchant armour
 t - 5 scrolls of teleportation
 A - 2 scrolls of identify
 B - a scroll of amnesia
 J - a scroll of brand weapon
 L - a scroll of torment {unknown}
Potions
 d - 2 potions of attraction
 g - 6 potions of curing
 i - a potion of flight
 j - 3 potions of resistance
 l - 5 potions of magic
 o - a potion of invisibility
 u - 2 potions of berserk rage
 z - 3 potions of mutation
 H - a potion of ambrosia
 M - a potion of lignification
 N - a potion of cancellation {unknown}


   Skills:
 + Level 7.8 Fighting
 - Level 3.1(6.5) Maces & Flails
 * Level 9.0(9.3) Staves
 + Level 3.8 Armour
 + Level 3.9 Dodging
 + Level 3.9 Shields
 - Level 5.0 Spellcasting
 * Level 9.7 Fire Magic
 - Level 5.0 Evocations


You had 18 spell levels left.
You knew the following spells:

 Your Spells              Type           Power      Damage    Failure   Level
a - Scorch                Fire           100%       2d10      1%          2

Your spell library contained the following spells:

 Spells                   Type           Power      Damage    Failure   Level
 Apportation              Tloc           8%         N/A       16%         1
 Sting                    Tmut/Pois      16%        1d3       16%         1
 Ensorcelled Hibernation  Hex/Ice        8%         N/A       24%         2
 Passwall                 Tmut/Erth      3%         N/A       24%         2
 Poisonous Vapours        Pois/Air       8%         N/A       24%         2
 Swiftness                Air            4%         N/A       43%         3
 Tukima's Dance           Hex            4%         N/A       43%         3
 Olgreb's Toxic Radiance  Pois           4%         N/A       83%         4
 Passage of Golubria      Tloc           4%         N/A       83%         4
 Alistair's Intoxication  Tmut/Pois      2%         N/A       99%         5
 Borgnjor's Vile Clutch   Necr/Erth      2%         N/A       99%         5
 Yara's Violent Unravell  Hex/Tmut       2%         3d3       99%         5
 Eringya's Noxious Bog    Tmut/Pois      2%         N/A       100%        6
 Chain Lightning          Conj/Air       2%         3d2       100%        9
 Fire Storm               Conj/Fire      17%        8d4       100%        9
 Shatter                  Erth           2%         3d6*      100%        9


Dungeon Overview and Level Annotations

Branches:
Dungeon (13/15)            Temple (0/1) D:7            Lair (0/5) D:10
    Orc (0/2) D:10          IceCv (1/1)
 Vaults: D:13-14

Altars:
Cheibriados
Dithmenos
Fedhas
Gozag
Hepliaklqana
Kikubaaqudgha
Makhleb
Sif Muna
Uskayaw
Wu Jian
Yredelemnul
Lugonu

Shops:
D:9 *:

Portals:
Abyss: D:6

Annotations:
D:3 3 runed translucent doors, bobfrom10's ghost, weakling DjCj IceCv exclusion: ice statue


Innate Abilities, Weirdness & Mutations

You have hoof-like feet.
You are mostly covered in yellow scales. (AC +3)
You are partially covered in sharp spines.
Spells you cast may paralyse nearby enemies.


Message History

The ice statue is moderately damaged.
Malevolent energies surge around you. The ice statue gestures at you.
The freezing blast engulfs you!
Casting: Scorch (safe; 1% risk of failure)
Press: ? - help, Q - select action, (/) - cycle Dir - look around, f - activate You feel a surge of power!
Flames lash the ice statue.
The ice statue melts!
The ice statue is heavily damaged.
Malevolent energies surge around you.
You are engulfed in freezing vapours.
You are engulfed in freezing vapours.
Casting: Scorch (safe; 1% risk of failure)
Press: ? - help, Q - select action, (/) - cycle Dir - look around, f - activate You feel a surge of power!
Flames lash the ice statue but do no damage.
Malevolent energies surge around you.
You are engulfed in freezing vapours.
The ice statue gestures at you. The bolt of cold hits you!!
* * * LOW HITPOINT WARNING * * *
Casting: Scorch (safe; 1% risk of failure)
Press: ? - help, Q - select action, (/) - cycle Dir - look around, f - activate You feel a surge of power!
Flames lash the ice statue.
The ice statue melts!
The ice statue is severely damaged.
Malevolent energies surge around you. The ice statue gestures at you.
The freezing blast misses you.
You are engulfed in freezing vapours.
* * * LOW HITPOINT WARNING * * *
The ice statue gestures at you. The freezing blast engulfs you.
* * * LOW HITPOINT WARNING * * *
You feel much better.
You are engulfed in freezing vapours.
* * * LOW HITPOINT WARNING * * *
Aiming: Throw Flame
Press: ? - help, Shift-Dir - straight line, f - ice statue
Aim: an ice statue (severely damaged, more vulnerable to fire, 100% to hit)
You hear a sizzling sound! x2
You are engulfed in freezing vapours.
You die...

##.## #.#..# ### ##...#
##...## ##....# ## #
#### #.....# .##
#####..####....###.8#
..##....##....###○..##
......#.......##○.○..##
.....###......##@○°☼..#
##..##
###...#○°.○○##..# #####
##...○○○○☼# .#
#........## ##.......#
##.....## ##....#
##..## ####


You could see an ice statue (combustible).

Vanquished Creatures
  3 two-headed ogres
  A boulder beetle (D:9)
  A death yak (IceCv)
  Amaemon (D:8)
  Pikel (D:8)
  An ugly thing (IceCv)
  An orange demon (D:8)
  Maurice (D:8)
  5 rime drakes
  An unseen horror (D:10)
  A troll (D:9)
  3 hornets
  3 polar bears (IceCv)
  A vampire (D:10)
  A wraith (D:13)
  8 yaks
  2 steam dragons
  3 wargs (D:10)
  Edmund (D:4)
  A water moccasin (D:7)
  4 ice beasts
  A black bear (D:8)
  4 orc warriors
  3 sky beasts
  2 centaurs
  A lemure (D:8)
  2 wolves (IceCv)
  2 kobold brigands
  A bullfrog (D:7)
  A necrophage (D:3)
  4 scorpions
  A gnoll sergeant (D:7)
  5 wights (D:7)
  6 killer bees (D:8)
  3 howler monkeys
  4 hounds
  3 jellies
  A gnoll bouda (D:6)
  6 orc priests
  2 iguanas (D:5)
  10 orc wizards
  A mummy (D:8)
  14 gnolls
  4 adders
  3 shadow imps
  2 white imps
  An ufetubus (D:6)
  2 worms (D:2)
  3 dart slugs (D:1)
  50 orcs
  8 endoplasms
  2 giant cockroaches
  7 goblins
  6 hobgoblins
  4 jackals (D:2)
  2 quokkas (D:1)
  6 ball pythons
  2 bats (D:2)
  5 frilled lizards
  23 kobolds
  3 rats
  2 lurking horrors (D:6)
256 creatures vanquished.

Vanquished Creatures (others)
  A human (D:9)
  86 foxfires
  A plant (D:10)
88 creatures vanquished.

Grand Total: 344 creatures vanquished

Notes
Turn   | Place    | Note
-------+----------+-------------------------------------------
     0 | D:1      | PublicAnimeNo1 the Demonspawn Cinder Acolyte began the
                  | quest for the Orb.
     0 | D:1      | Reached XP level 1. HP: 18/18 MP: 2/2
   148 | D:1      | Gained mutation: You have large cloven feet. [demonic
                  | ancestry]
   148 | D:1      | Reached XP level 2. HP: 22/24 MP: 3/3
   464 | D:1      | Found a faded altar of an unknown god.
   793 | D:2      | Identified a scroll of acquirement
   793 | D:2      | Acquired a staff of fire
   811 | D:2      | Gained mutation: You are partially covered in yellow
                  | scales. (AC +2) [demonic ancestry]
   811 | D:2      | Reached XP level 3. HP: 15/29 MP: 5/5
   814 | D:2      | Learned a level 2 spell: Scorch
  1745 | D:2      | Acquired the +3 warlock's mirror {reflect}
  1745 | D:2      | Found the +3 warlock's mirror {reflect}
  1746 | D:2      | Acquired the +2 pair of boots of a ziggurat {Slay+4 SInv}
  1753 | D:2      | Acquired the amulet of Jeefupecs {Reflect SH+5 SInv}
  2037 | D:3      | Noticed a sky beast
  2046 | D:3      | Killed a sky beast
  2047 | D:3      | Reached skill level 1 in Staves
  2047 | D:3      | Reached skill level 1 in Evocations
  2047 | D:3      | Gained mutation: You are partially covered in sharp spines.
                  | [demonic ancestry]
  2047 | D:3      | Reached XP level 4. HP: 28/36 MP: 1/7
  2047 | D:3      | Reached XP level 5. HP: 32/41 MP: 1/8
  2254 | D:3      | Found a shadowy altar of Dithmenos.
  2422 | D:3      | Found a runed translucent gate.
  2422 | D:3      | Found a runed translucent gate.
  2423 | D:3      | Found a runed translucent gate.
  2424 | D:3      | Noticed bobfrom10's ghost (weakling DjCj)
  2550 | D:4      | Gained mutation: You have hoof-like feet. [demonic
                  | ancestry]
  2550 | D:4      | Reached XP level 6. HP: 40/48 MP: 9/9
  2670 | D:4      | Noticed Edmund
  3165 | D:4      | Killed Edmund
  3425 | D:5      | Entered Level 5 of the Dungeon
  3491 | D:5      | Found a blossoming altar of Fedhas.
  3616 | D:5      | Gained mutation: Spells you cast may paralyse adjacent
                  | enemies. [demonic ancestry]
  3616 | D:5      | Reached XP level 7. HP: 54/54 MP: 6/11
  3768 | D:5      | Found a hazy altar of Hepliaklqana.
  3768 | D:5      | Found a shimmering blue altar of Sif Muna.
  4521 | D:6      | Reached skill level 5 in Fire Magic
  4729 | D:6      | Found a one-way gate to the infinite horrors of the Abyss.
  4867 | D:6      | Found a corrupted altar of Lugonu.
  4889 | D:6      | Gained mutation: You are mostly covered in yellow scales.
                  | (AC +3) [demonic ancestry]
  4889 | D:6      | Reached XP level 8. HP: 58/61 MP: 5/13
  5016 | D:6      | Found an ornate altar of the Wu Jian Council.
  5304 | D:6      | Reached skill level 5 in Fighting
  5647 | D:7      | Found a staircase to the Ecumenical Temple.
  5753 | D:7      | Reached skill level 5 in Staves
  6211 | D:7      | Noticed a hornet
  6230 | D:7      | Gained mutation: Spells you cast may paralyse nearby
                  | enemies. [demonic ancestry]
  6230 | D:7      | Reached XP level 9. HP: 45/66 MP: 4/15
  6589 | D:7      | Noticed a two-headed ogre
  6591 | D:7      | Noticed a two-headed ogre
  6610 | D:7      | Killed a two-headed ogre
  6618 | D:7      | Killed a two-headed ogre
  6619 | D:7      | Reached skill level 5 in Spellcasting
  6619 | D:7      | Reached skill level 5 in Evocations
  6843 | D:7      | Reached XP level 10. HP: 77/77 MP: 14/17
  6941 | D:8      | Noticed Maurice
  6946 | D:8      | Killed Maurice
  7127 | D:8      | Noticed Pikel
  7138 | D:8      | Killed Pikel
  7139 | D:8      | Reached skill level 1 in Armour
  7139 | D:8      | Reached skill level 1 in Dodging
  7139 | D:8      | Reached skill level 1 in Shields
  7158 | D:8      | Noticed Amaemon
  7158 | D:8      | Noticed an orange demon
  7165 | D:8      | Killed an orange demon
  7166 | D:8      | Noticed a two-headed ogre
  7266 | D:8      | Killed a two-headed ogre
  7311 | D:8      | Killed Amaemon
  8009 | D:8      | Found a snail-covered altar of Cheibriados.
  8140 | D:9      | Found a burning altar of Makhleb.
  8176 | D:9      | Found Jiukhu's Tremendous Tomes.
  8208 | D:9      | Identified the +1 leather armour "Aggiaq" {Dex+5 Slay+2}
  8258 | D:9      | Found a hide-covered altar of Uskayaw.
  8306 | D:9      | Found an ancient bone altar of Kikubaaqudgha.
  8325 | D:9      | Found Welumas's Mass Market.
  8468 | D:9      | Found a basalt altar of Yredelemnul.
  8549 | D:9      | Noticed a boulder beetle
  8609 | D:9      | Killed a boulder beetle
  8610 | D:9      | Reached XP level 11. HP: 44/84 MP: 1/18
  9076 | D:10     | Entered Level 10 of the Dungeon
  9125 | D:10     | Found a staircase to the Lair.
  9222 | D:10     | Found an opulent altar of Gozag.
  9325 | D:10     | Found a staircase to the Orcish Mines.
 10170 | D:11     | You fall into a shaft and drop 2 floors!
 10173 | D:13     | Noticed a two-headed ogre
 10271 | D:13     | Found a frozen archway.
 10287 | IceCv    | Entered an ice cave
 10812 | IceCv    | Noticed a white ugly thing
 10822 | IceCv    | Noticed a death yak
 10828 | IceCv    | Killed a white ugly thing
 10835 | IceCv    | Killed a death yak
 10988 | IceCv    | HP: 3/86 [ice statue/freezing blast (6)]
 10990 | IceCv    | Engulfed by an ice statue's freezing vapour

Illustrated notes

Levels and vault maps discovered:
D:1:      lemuel_arrival_lava_pool, layout_rooms, ebering_ecumenical_altar_box,
          serial_rivers, chequers_serial_rivers_small_a,
          chequers_serial_rivers_small_b, chequers_serial_rivers_small_b,
          chequers_serial_rivers_large_a, chequers_serial_rivers_micro_a,
          chequers_serial_rivers_large_b, grunt_decor_one_mirror
D:2:      layout_loops_ring, minmay_distorted
D:3:      layout_rooms, nicolae_dithmenos_the_darkroom,
          gammafunk_ghost_necromancy, chequers_avenue
D:4:      layout_basic, uniq_edmund
D:5:      nicolae_cairo_tiling_large_dashed, layout_basic,
          mainiacjoe_overflow_boulevard, nicolae_overflow_two_pavilions
D:6:      layout_basic, pdpol_wu_jian_five_deadly_venoms,
          amcnicky_altar_lugonu_corruption
D:7:      minmay_slanted_spiral_squares, layout_basic, minmay_temple_entry_waves
D:8:      layout_basic, slow_altar_2, uniq_amaemon, uniq_maurice, uniq_pikel
D:9:      layout_irregular_city, tgw_kikubaaqudgha, bloody_makhleb,
          mainiacjoe_overflow_concentric_impassable, old_standard_altar,
          nicolae_shop_i_like_big_books, kennysheep_crisscross,
          serial_bayou_pond_c, minmay_shop_mass
D:10:     layout_loops_ring, pdpol_temple_overflow_zin_treasury_gozag_greed,
          erik_lair_orcish_takeover, hiddenorc2_lemuel
D:11:     layout_gridville, kennysheep_boxes
D:12:     layout_long_grid, minivault_16, dreamdust_wishing_well
D:13:     layout_roguey, david_vaults_1, portal_ice_cave_rime
IceCv:    ice_cave_small_giant

Skill      XL: |  1  2  3  4  5  6  7  8  9 10 11 |
---------------+----------------------------------+-----
Maces & Flails | 3 |  3.1
Fire Magic     | 3 4 5 6 7 8 9 |  9.7
Staves         | 1 2 4 5 6 7 9 |  9.0
Spellcasting   | 2 3 4 5 |  5.0
Evocations     | 1 2 3 5 |  5.0
Fighting       | 4 5 6 7 |  7.8
Armour         | 2 3 |  3.8
Dodging        | 2 3 |  3.9
Shields        | 2 3 |  3.9

Action                   |  1- 3 |  4- 6 |  7- 9 | 10-12 || total
-------------------------+-------+-------+-------+-------++-------
Melee: Mace              |    28 |       |       |       ||    28
       Punch             |     2 |       |       |       ||     2
       Staff             |    66 |    68 |   143 |   302 ||   579
       Kick              |    23 |       |       |       ||    23
 Cast: Scorch            |    12 |    19 |    72 |    74 ||   177
Invok: Foxfire Swarm     |     1 |       |     3 |     2 ||     6
       Fiery Armour      |       |       |       |     3 ||     3
Evoke: Wand              |       |       |     2 |     3 ||     5
  Use: Scroll            |     6 |     9 |     1 |    11 ||    27
       Potion            |       |     1 |       |     1 ||     2
 Stab: Paralysed         |       |       |    33 |    57 ||    90
Armor: Robe              |    32 |    14 |    39 |   101 ||   186
Dodge: Dodged            |    54 |    16 |    52 |    76 ||   198
Block: Buckler           |     6 |    39 |    68 |   175 ||   288
       Reflection        |       |       |     2 |     6 ||     8

Table legend: (Time is in decaauts)
 A = Elapsed time spent in this place.
 B = Non-inter-level travel time spent in this place.
 C = Inter-level travel time spent in this place.
 D = Time resting spent in this place.
 E = Time spent auto-exploring this place.
 F = Levels seen in this place.
 G = Mean time per level.
                   A        B        C        D        E       F      G
               +--------+--------+--------+--------+--------+-----+--------+
         Total |  11003 |  10650 |    353 |   1830 |   7122 |  14 |  785.9 |
       Dungeon |  10311 |   9958 |    353 |   1340 |   7029 |  13 |  793.2 |
      Ice Cave |    691 |    691 |      0 |    490 |     93 |   1 |  691.0 |
               +--------+--------+--------+--------+--------+-----+--------+

Top non-repeatable levels by time:
     D:7: 1494 daAuts
     D:8: 1161 daAuts
     D:6: 1141 daAuts
     D:2: 1109 daAuts
     D:9: 967 daAuts
     D:4: 915 daAuts
     D:5: 874 daAuts
    D:10: 864 daAuts
     D:1: 840 daAuts
   IceCv: 691 daAuts
     D:3: 618 daAuts
    D:11: 205 daAuts
    D:13: 116 daAuts
    D:12: 3 daAuts
